 Dungeon Crawl Stone Soup version 0.31-a0-844-gdc52ec4e09 (webtiles) character file.

Game seed: 15483650355183894468

20367 Skeral the Fighter (level 13, 0/125 HPs)
             Began as a Meteoran Earth Elementalist on Sept 29, 2023.
             Was a High Priest of Vehumet.
             Slain by a six-headed hydra (5 damage)
             ... on level 4 of the Lair of Beasts.
             The game lasted 00:42:09 (5609 turns).

Skeral the Fighter (Meteoran Earth Elementalist)    Turns: 5609, Time: 00:42:10

Health: 0/125      AC: 13    Str: 10    XL:     13   Next: 41%
Magic:  16/26      EV: 14    Int: 26    God:    Vehumet [*****.]
Gold:   971        SH:  0    Dex: 21    Spells: 13/28 levels left

rFire   . . .        a - +2 dagger (flame)
rCold   . . .        (no shield)
rNeg    + . .        x - +0 acid dragon scales
rPois   .            t - +2 helmet {Int+3}
rElec   .            e - scarf {repulsion}
rCorr   +            Q - +0 pair of gloves of Puaxull {Int+2 Dex+5 Slay-2}
SInv    .            w - +1 pair of boots
Will    +....        (no amulet)
Stlth   +            N - ring of positive energy
HPRegen 0.40/turn    (no ring)
MPRegen 0.20/turn

%: repel missiles
@: marked, slightly contaminated, glowing
A: sense surroundings 2, otherworldly, glowing, explore regen
a: Renounce Religion


You were on level 4 of the Lair of Beasts.
You worshipped Vehumet.
Vehumet was extremely pleased with you.
You visited 3 branches of the dungeon, and saw 17 of its levels.
You also visited: Ossuary, Bailey and Volcano.

You collected 971 gold pieces.


Innate Abilities, Weirdness & Mutations

You passively map the area around you.
You are easily found by Zot.
You glow in the dark.
You regain HP and MP as you explore.


   Skills:
 + Level 14.4 Fighting
 - Level 1.5 Short Blades
 - Level 4.0 Armour
 + Level 5.6 Dodging
 - Level 1.4 Stealth
 - Level 8.0 Spellcasting
 + Level 9.8 Conjurations
 - Level 7.0 Transmutations
 - Level 11.0 Earth Magic
 - Level 3.0 Evocations


You had 13 spell levels left.
You knew the following spells:

 Your Spells              Type           Power      Damage    Failure   Level
a - Stone Arrow           Conj/Erth      100%       3d13      1%          3
i - Irradiate             Conj/Tmut      26%        3d20      2%          5
p - Passwall              Tmut/Erth      45%        N/A       1%          2
s - Sandblast             Erth           100%       2d20      1%          1
P - Petrify               Tmut/Erth      55%        N/A       2%          4

Your spell library contained the following spells:

 Spells                   Type           Power      Damage    Failure   Level
 Hailstorm                Conj/Ice       36%        3d9       1%          3
 Wereblood                Tmut           46%        N/A       1%          2
 Brom's Barrelling Bould  Conj/Erth      59%        2d7       1%          4
 Apportation              Tloc           20%        N/A       9%          1
 Necrotise                Necr           40%        1d6       9%          1
 Summon Small Mammal      Summ           40%        N/A       9%          1
 Lesser Beckoning         Tloc           20%        N/A       13%         2
 Gell's Gravitas          Tloc           10%        N/A       26%         3
 Teleport Other           Tloc           10%        N/A       26%         3

Inventory:

Hand Weapons
 a - a +2 dagger of flaming (weapon)
   (You took it off a kobold on level 2 of the Dungeon)
 o - a +0 sling
   (You took it off a goblin on level 4 of the Dungeon)
 r - a +0 short sword of electrocution
   (You took it off an orc on level 10 of the Dungeon)
 K - the +1 trident of the Shark {drain, +Blink Str+4}
   (You found it in a bailey)

   Str+4:     It affects your strength (+4).
   +Blink:    It lets you blink.
Missiles
 n - 3 atropa-tipped darts
 y - 8 poisoned darts (quivered)
 M - a boomerang
Armour
 e - a scarf of repulsion (worn)
   (You acquired it on level 10 of the Dungeon)
 t - a +2 helmet of intelligence (worn)
   (You found it in a bailey)
 w - a +1 pair of boots (worn)
   (You found it on level 7 of the Dungeon)
 x - +0 acid dragon scales (worn)
   (You took it off Maggie on level 7 of the Dungeon)
 A - a +1 pair of gloves
   (You found it on level 7 of the Dungeon)
 Q - the +0 pair of gloves of Puaxull (worn) {Int+2 Dex+5 Slay-2}
   (You found it on level 2 of the Lair of Beasts)

   Int+2:     It affects your intelligence (+2).
   Dex+5:     It affects your dexterity (+5).
   Slay-2:    It affects your accuracy & damage with ranged weapons and melee
   (-2).
Magical Staves
 l - a staff of fire {!a}
   (You found it on level 7 of the Dungeon)
 O - a staff of air {!a}
   (You found it on level 2 of the Lair of Beasts)
Jewellery
 N - a ring of positive energy (left hand)
   (You found it on level 9 of the Dungeon)
Wands
 z - a wand of flame (24)
   (You found it on level 7 of the Dungeon)
 I - a wand of iceblast (8)
   (You found it on level 8 of the Dungeon)
Scrolls
 k - 2 scrolls of blinking {unknown}
 p - a scroll of revelation
 q - 2 scrolls of fog
 B - 4 scrolls of teleportation {@r4}
 C - 4 scrolls of immolation {unknown}
 D - 5 scrolls of enchant armour
 E - 4 scrolls of enchant weapon {unknown}
 G - a scroll of vulnerability {!r!r}
 J - 2 scrolls of poison {!r}
 L - 2 scrolls of amnesia {unknown}
 P - a scroll of noise {unknown}
Potions
 b - 3 potions of magic
 c - a potion of berserk rage {!q}
 d - 3 potions of heal wounds {@q2}
 f - a potion of might {unknown}
 g - 4 potions of enlightenment {unknown}
 h - 2 potions of resistance
 i - a potion of mutation {unknown}
 j - 2 potions of curing {@q1}
 m - 2 potions of lignification {!q}
 s - a potion of haste {@q3}
 v - a potion of ambrosia {unknown}
 H - 3 potions of brilliance
 R - 2 potions of attraction {unknown}

Dungeon Overview and Level Annotations

Branches:
Dungeon (11/15) Zot: 2971  Temple (1/1) D:4 Zot: 563    Lair (5/5) D:9 Zot: 1868
 Shoals (0/4) Lair:2        Slime (0/5) Lair:4          Orc (0/2) D:9
Ossuary (visited)          Bailey (visited)         Volcano (visited)
  Snake: Lair:2-3    Spider: Lair:2-3

Altars:
Ashenzari
Cheibriados
Dithmenos
Elyvilon
Fedhas
Gozag
Hepliaklqana
Makhleb
Okawaru
Qazlal
Ru
Sif Muna
Uskayaw
Vehumet
Wu Jian
Xom
Yredelemnul
Zin
The Shining One
Jiyva

Annotations:
Temple 2 transporters
Lair:1 Gastronok
Lair:4 3 runed translucent doors

#..................#######....
,##......††..........###.###....
#....##......P#......+.........
,##......#P..........##........P
#.....#.......P......'...#.....
#............##......#...#.>...
#.#...##..#.####......+..##....#
#......P.....#.#....P###..#..P.#
##............>@....## #^###..PP
................D......##.P#...P.
......................Y..........
....#P..####.##.###P#.#.#..#.....
######### ###### ####### ###### #


You could see a six-headed hydra and an elephant (fleeing).


Message History

The black mamba closely misses you. The elephant barely misses you.
The elephant closely misses you.
A steam dragon comes into view.
The black mamba closely misses you.
The wolf bites the fungus. 😮 HP[-9]
You take 9 damage, and now have 87/125 hp.
You feel very sick.
A nearby plant withers and dies.
The black mamba barely misses you. The black mamba bites you.
You are more poisoned.
The black mamba poisons you! The elephant misses you.
The elephant trunk-slaps you.
A molten gargoyle comes into view. It is wielding a +0 morningstar.
There is a stone staircase leading up here. 😮 HP[-13]
You take 13 damage, and now have 74/125 hp.
You feel extremely sick.
The black mamba closely misses you. x2; The wolf bites the fungus!
The wolf bites the fungus.
The black mamba bites you but does no damage.
The black mamba bites you!
* * * LOW HITPOINT WARNING * * *
The wolf bites the fungus.
The elephant closely misses you. x2
The elephant tramples you but does no damage.
The elephant closely misses you. The six-headed hydra bites you!
* * * LOW HITPOINT WARNING * * *
The six-headed hydra barely misses you.
The six-headed hydra bites you but does no damage.
The six-headed hydra misses you. The six-headed hydra bites you!
* * * LOW HITPOINT WARNING * * *
The six-headed hydra bites you.
* * * LOW HITPOINT WARNING * * *
You climb upwards.
Level annotation: 3 runed translucent doors
* * * LOW HITPOINT WARNING * * *
You feel extremely sick.
There is a stone staircase leading down here. 😱 HP[-52] MP[+1]
You take 52 damage, and now have 22/125 hp.
MASSIVE DAMAGE!! (PAUSE)
Your mp is fully restored (26).
As you read the scroll of fear, it crumbles to dust.
You assume a fearsome visage.
The elephant looks frightened! x2
The six-headed hydra looks frightened!
The black mamba looks frightened! x2
* * * LOW HITPOINT WARNING * * *
You feel very sick.
Cornered, the black mamba turns to fight! 😱 HP[-5]
You take 5 damage, and now have 17/125 hp.
You feel better. The black mamba closely misses you.
The black mamba barely misses you. 😱 HP[+8]
You regained 8 hp, and now have 25/125 hp.
Casting: Stone Arrow (safe; 1% risk of failure)
Confirm with . or Enter, or press ? or * to list all spells.
Aiming: Stone Arrow (safe; 1% risk of failure)
Press: ? - help, Shift-Dir - straight line, f - black mamba
Aim: a black mamba (63% to hit)
The stone arrow hits the black mamba!
The black mamba bites you!
* * * LOW HITPOINT WARNING * * *
You are lethally poisoned!
The black mamba poisons you! 😱 HP[-13] MP[-3]
You take 13 damage, and now have 12/125 hp.
You lost 3 mp, and now have 23/26 mp.
You feel better. The black mamba misses you. The black mamba barely misses you.
Cornered, the six-headed hydra turns to fight! 😱 HP[+8]
You regained 8 hp, and now have 20/125 hp.
Casting: Stone Arrow (safe; 1% risk of failure)
Confirm with . or Enter, or press ? or * to list all spells.
You erupt in a fountain of uncontrolled magic!
The black mamba is blasted with magical radiation!!
The black mamba twists and deforms.
The black mamba bites you.
* * * LOW HITPOINT WARNING * * *
The black mamba misses you. 😱 HP[-2] MP[-5]
You take 2 damage, and now have 18/125 hp.
You lost 5 mp, and now have 18/26 mp.
The black mamba bites you but does no damage.
The black mamba bites you.
* * * LOW HITPOINT WARNING * * *
😱 HP[-5]
You take 5 damage, and now have 13/125 hp.
Casting: Irradiate (dangerous; 2% risk of failure)
Confirm with . or Enter, or press ? or * to list all spells.
You erupt in a fountain of uncontrolled magic!
The black mamba is blasted with magical radiation!!!
You kill the black mamba!
Vehumet accepts your kill.
You feel your power returning.
The six-headed hydra is blasted with magical radiation!!
You are lightly contaminated with residual magic.
The six-headed hydra bites you but does no damage.
The six-headed hydra bites you!
* * * LOW HITPOINT WARNING * * *
The six-headed hydra barely misses you.
The six-headed hydra bites you but does no damage.
The six-headed hydra bites you.
You die...

Skill      XL: |  1  2  3  4  5  6  7  8  9 10 11 12 13 |
---------------+----------------------------------------+-----
Spellcasting   | 3 4 5 7 8 |  8.0
Transmutations | 2 3 5 6 7 |  7.0
Earth Magic    | 4 5 6 7 8 10 11 | 11.0
Conjurations   | 2 4 5 7 8 9 |  9.8
Fighting       | 2 3 4 6 8 13 14 | 14.4
Evocations     | 3 |  3.0
Armour         | 4 |  4.0
Dodging        | 4 5 |  5.6
Short Blades   | 1 |  1.5
Stealth        | |  1.4

Action                     |  1- 3 |  4- 6 |  7- 9 | 10-12 | 13-15 || total
---------------------------+-------+-------+-------+-------+-------++-------
  Melee: Short sword       |       |     5 |       |       |       ||     5
         Dagger            |       |       |    16 |   150 |    18 ||   184
         Punch             |       |       |       |       |     1 ||     1
   Fire: Sling             |       |       |       |    54 |       ||    54
  Throw: Dart              |       |       |       |       |     4 ||     4
   Cast: Sandblast         |    34 |    46 |    31 |    39 |       ||   150
         Stone Arrow       |       |     5 |    60 |   189 |    32 ||   286
         Passwall          |       |     3 |     6 |     8 |     1 ||    18
         Irradiate         |       |       |       |    15 |     7 ||    22
         Petrify           |       |       |       |     2 |     2 ||     4
  Evoke: Wand              |       |       |     8 |    25 |     4 ||    37
    Use: Potion            |       |       |     1 |     1 |     3 ||     5
         Scroll            |       |       |       |    18 |     4 ||    22
   Stab: Sleeping          |       |       |     1 |       |     1 ||     2
         Petrified         |       |       |       |    19 |     3 ||    22
         Petrifying        |       |       |       |     1 |       ||     1
 Armour: Robe              |     9 |    17 |    28 |       |       ||    54
         Acid dragon scale |       |       |    14 |   262 |    81 ||   357
  Dodge: Dodged            |    12 |    17 |    42 |   166 |   112 ||   349
         Repelled          |       |       |       |     5 |     1 ||     6

Levels and vault maps discovered:
D:1:      onia_arrival_mini_spirals, layout_loops_ring, minmay_tromino_v4_b
D:2:      layout_basic, uniq_crazy_yiuf_cottage, uniq_sigmund
D:3:      layout_rooms, kennysheep_cluttered_room, uniq_natasha
D:4:      nicolae_cairo_tiling_very_big, layout_rooms,
          chequers_temple_overflow_minitemple
D:5:      layout_layer_cave
D:6:      layout_basic
D:7:      layout_loops_cross, grunt_ministairs_12, uniq_maggie
D:8:      layout_rooms, general_overflow_altar,
          lightli_ossuary_entry_decrepit_ruins, uniq_grum
D:9:      layout_cross, dpeg_lair_monsters, enter_bailey_3, nicolae_wwwww
D:10:     layout_basic, lemuel_doored_altar
D:11:     layout_stronghold, nicolae_trove_entry_columns
Temple:   hellmonk_temple_divided_pantheon
Lair:1:   layout_layer_cave, lemuel_old_faithful, uniq_gastronok
Lair:2:   layout_layer_cave, minmay_shoals_entry_beasts,
          infiniplex_staircase_pool_2
Lair:3:   layout_chaotic_city, alex1729_snake_entry_snake, evilmike_ambush
          [evilmike_ambush_outer_basic, evilmike_ambush_inner_basic]
Lair:4:   layout_regular_city, slime_entry_1, lightli_volcano_entry_magma_tube,
          gammafunk_ghost_icy, lemuel_fruit_tree
Lair:5:   cheibrodos_lair_end_hotspot, layout_regular_city, basic_altar

Notes
Turn   | Place    | Note
-------+----------+-------------------------------------------
     0 | D:1      | Skeral the Meteoran Earth Elementalist began the quest for
                  | the Orb.
     0 | D:1      | Reached XP level 1. HP: 14/14 MP: 5/5
     0 | D:1      | magus.rc [v1.10.3]
    36 | D:1      | Reached XP level 2. HP: 20/20 MP: 0/6
    61 | D:1      | Reached skill level 3 in Spellcasting
    81 | D:1      | Reached skill level 2 in Transmutations
    81 | D:1      | Reached skill level 4 in Earth Magic
    84 | D:1      | Learned a level 2 spell: Passwall
   166 | D:2      | Reached XP level 3. HP: 26/26 MP: 5/8
   224 | D:2      | Learned a level 3 spell: Stone Arrow
   246 | D:2      | Reached XP level 4. HP: 31/33 MP: 5/10
   338 | D:3      | Reached skill level 1 in Conjurations
   376 | D:2      | Reached skill level 1 in Fighting
   384 | D:2      | Noticed Sigmund
   395 | D:2      | Killed Sigmund
   396 | D:2      | Reached skill level 2 in Fighting
   396 | D:2      | Reached skill level 4 in Spellcasting
   396 | D:2      | Reached skill level 2 in Conjurations
   396 | D:2      | Reached skill level 5 in Earth Magic
   396 | D:2      | Reached XP level 5. HP: 19/41 MP: 2/12
   396 | D:2      | Reached XP level 6. HP: 22/48 MP: 2/13
   435 | D:2      | Identified the +0 chain mail of Jacuwn {*Corrode rPois
                  | Dex+3}
   576 | D:3      | You pick up a book of Changes and begin reading...
   576 | D:3      | You add the spells Wereblood and Irradiate to your library.
   610 | D:3      | Noticed Natasha
   611 | D:3      | Killed Natasha
   679 | D:3      | Noticed Natasha
   684 | D:3      | Killed Natasha
   685 | D:3      | Reached XP level 7. HP: 51/56 MP: 4/15
   707 | D:4      | Reached skill level 3 in Conjurations
   713 | D:5      | Entered Level 5 of the Dungeon
   717 | D:5      | Reached skill level 5 in Spellcasting
   749 | D:4      | Found a staircase to the Ecumenical Temple.
   755 | Temple   | Found a transporter.
   755 | Temple   | Found a transporter.
   755 | Temple   | Found a transporter.
   755 | Temple   | Found a transporter.
   755 | Temple   | Entered the Ecumenical Temple
   775 | Temple   | Became a worshipper of Vehumet
   817 | D:4      | Reached skill level 3 in Fighting
   855 | D:6      | Reached skill level 6 in Earth Magic
   950 | D:6      | Reached skill level 4 in Conjurations
   950 | D:6      | Reached XP level 8. HP: 53/64 MP: 9/17
   955 | D:6      | Learned a level 4 spell: Petrify
   961 | D:6      | Learned a level 5 spell: Irradiate
   984 | D:6      | Reached skill level 4 in Fighting
  1081 | D:5      | Reached skill level 3 in Transmutations
  1147 | D:5      | Reached skill level 5 in Conjurations
  1337 | D:6      | Reached * piety under Vehumet
  1337 | D:6      | Offered knowledge of Shock by Vehumet.
  1343 | D:6      | Reached skill level 7 in Earth Magic
  1367 | D:6      | Gained mutation: You passively map the area around you.
                  | [Meteoran growth]
  1367 | D:6      | Reached XP level 9. HP: 55/73 MP: 10/18
  1407 | D:6      | Reached skill level 5 in Fighting
  1407 | D:6      | Reached skill level 4 in Transmutations
  1454 | D:7      | Noticed Maggie
  1463 | D:7      | Killed Maggie
  1464 | D:7      | Reached skill level 6 in Conjurations
  1464 | D:7      | Reached skill level 5 in Transmutations
  1481 | D:7      | Noticed a gargoyle
  1490 | D:7      | Killed a gargoyle
  1491 | D:7      | Reached skill level 6 in Fighting
  1491 | D:7      | Reached skill level 8 in Earth Magic
  1517 | D:6      | HP: 27/112 [poisoned by a kobold brigand]
  1522 | D:6      | HP: 23/112 [poisoned by a kobold brigand]
  1594 | D:6      | You pick up a book of Cantrips and begin reading...
  1594 | D:6      | You add the spells Necrotise, Summon Small Mammal and
                  | Apportation to your library.
  1674 | D:7      | Reached skill level 7 in Conjurations
  1681 | D:7      | Reached XP level 10. HP: 62/84 MP: 3/19
  1768 | D:7      | Reached skill level 1 in Evocations
  1771 | D:7      | Reached skill level 1 in Armour
  1825 | D:7      | Reached ** piety under Vehumet
  1836 | D:7      | Offered knowledge of Scorch by Vehumet.
  1837 | D:7      | Reached skill level 7 in Fighting
  1839 | D:7      | Reached skill level 2 in Armour
  1839 | D:7      | Reached skill level 2 in Evocations
  1845 | D:7      | Reached skill level 9 in Earth Magic
  1956 | D:8      | Reached skill level 3 in Evocations
  1981 | D:8      | Reached skill level 3 in Armour
  1981 | D:8      | Reached skill level 8 in Conjurations
  2011 | D:8      | Found a sand-covered staircase.
  2075 | Ossuary  | Entered an ossuary
  2116 | Ossuary  | Offered knowledge of Mephitic Cloud by Vehumet.
  2310 | D:8      | Noticed Grum
  2326 | D:8      | Killed Grum
  2327 | D:8      | Reached skill level 8 in Fighting
  2332 | D:8      | Reached skill level 4 in Armour
  2370 | D:8      | Reached skill level 10 in Earth Magic
  2372 | D:8      | Reached XP level 11. HP: 59/95 MP: 6/20
  2392 | D:8      | Reached skill level 9 in Fighting
  2392 | D:8      | Reached *** piety under Vehumet
  2443 | D:8      | Found a sacrificial altar of Ru.
  2461 | D:9      | Found a staircase to the Orcish Mines.
  2499 | D:9      | Noticed a death yak
  2510 | D:9      | Killed a death yak
  2511 | D:9      | Reached skill level 10 in Fighting
  2539 | D:9      | Noticed a two-headed ogre
  2548 | D:9      | Noticed a two-headed ogre
  2602 | D:9      | Killed a two-headed ogre
  2603 | D:9      | Reached skill level 11 in Fighting
  2615 | D:9      | Noticed a death yak
  2615 | D:9      | Noticed a death yak
  2616 | D:9      | Noticed a death yak
  2616 | D:9      | Noticed a death yak
  2617 | D:9      | Noticed a death yak
  2625 | D:9      | Killed a death yak
  2627 | D:9      | Found a staircase to the Lair.
  2629 | D:9      | Reached skill level 12 in Fighting
  2686 | D:9      | HP: 23/104 [yak (8)]
  2731 | D:9      | Killed a two-headed ogre
  2753 | D:9      | You pick up a book of Displacement and begin reading...
  2753 | D:9      | You add the spells Lesser Beckoning, Gell's Gravitas and
                  | Teleport Other to your library.
  2864 | D:9      | HP: 22/106 [death yak (10)]
  2891 | D:9      | Found a flagged portal.
  2893 | D:9      | Offered knowledge of Iskenderun's Mystic Blast by Vehumet.
  2904 | Bailey   | Entered a bailey
  2957 | Bailey   | magus.rc [v1.10.3]
  3001 | Bailey   | Noticed an orc knight
  3070 | Bailey   | Killed an orc knight
  3071 | Bailey   | Reached skill level 13 in Fighting
  3071 | Bailey   | Reached XP level 12. HP: 115/115 MP: 9/21
  3125 | Bailey   | Identified the +1 trident of the Shark {drain, +Blink
                  | Str+4}
  3213 | D:10     | Entered Level 10 of the Dungeon
  3229 | D:10     | Reached **** piety under Vehumet
  3262 | D:10     | Offered knowledge of Hailstorm by Vehumet.
  3306 | D:10     | Found a broken altar of Ashenzari.
  3540 | D:10     | Identified a scroll of acquirement
  3543 | D:10     | Acquired a scarf of repulsion
  3958 | D:11     | Noticed a two-headed ogre
  3963 | D:11     | Killed a two-headed ogre
  3964 | D:11     | Reached skill level 3 in Dodging
  3964 | D:11     | Reached skill level 6 in Spellcasting
  4086 | Lair:1   | Entered Level 1 of the Lair of Beasts
  4126 | Lair:1   | Reached skill level 6 in Transmutations
  4361 | Lair:2   | Reached skill level 4 in Dodging
  4401 | Lair:2   | Identified the +0 pair of gloves of Puaxull {Int+2 Dex+5
                  | Slay-2}
  4534 | Lair:1   | Noticed Gastronok
  4552 | Lair:3   | Noticed a skyshark
  4556 | Lair:3   | Reached skill level 9 in Conjurations
  4571 | Lair:3   | Killed a skyshark
  4572 | Lair:3   | Reached skill level 14 in Fighting
  4596 | Lair:3   | Reached skill level 1 in Short Blades
  4721 | Lair:3   | Reached skill level 7 in Spellcasting
  4721 | Lair:3   | Reached XP level 13. HP: 78/124 MP: 8/24
  4855 | Lair:4   | Found a viscous altar of Jiyva.
  4861 | Lair:4   | Found a staircase to the Slime Pits.
  4871 | Lair:4   | Found a runed translucent gate.
  4871 | Lair:4   | Found a runed translucent gate.
  4872 | Lair:4   | Found a runed translucent gate.
  4964 | Lair:4   | Found a dark tunnel.
  4978 | Volcano  | Entered a volcano
  4994 | Volcano  | Noticed a centaur warrior
  5021 | Volcano  | Killed a centaur warrior
  5023 | Volcano  | Found a burning altar of Makhleb.
  5024 | Volcano  | Noticed a red draconian
  5169 | Volcano  | HP: 25/124 [yaktaur/bolt (13)]
  5359 | Volcano  | HP: 19/124 [red draconian/searing blast (27)]
  5488 | Lair:4   | Reached skill level 11 in Earth Magic
  5495 | Lair:4   | Reached skill level 5 in Dodging
  5495 | Lair:4   | Reached skill level 7 in Transmutations
  5521 | Lair:5   | Entered Level 5 of the Lair of Beasts
  5522 | Lair:5   | magus.rc [v1.10.3]
  5565 | Lair:5   | Reached ***** piety under Vehumet
  5569 | Lair:5   | Reached skill level 8 in Spellcasting
  5597 | Lair:5   | Noticed a six-headed hydra
  5599 | Lair:5   | Noticed a seven-headed hydra
  5602 | Lair:4   | HP: 22/125 [poisoned by a black mamba]
  5607 | Lair:4   | HP: 18/125 [black mamba (3)]
  5609 | Lair:4   | HP: 5/125 [six-headed hydra (9)]
  5609 | Lair:4   | Slain by a six-headed hydra

Vanquished Creatures
  A centaur warrior (Volcano)
  3 two-headed ogres
  2 death yaks (D:9)
  2 skysharks
  An orc knight (Bailey)
  An ugly thing (D:11)
  A manticore (D:11)
  2 black mambas
  A gargoyle (D:7)
  Maggie (D:7)
  A cane toad (Lair:1)
  An unseen horror (D:9)
  A rime drake (Lair:3)
  3 komodo dragons
  A yaktaur (Volcano)
  A burning bush (Lair:3)
  A polar bear (Lair:1)
  6 blink frogs (Lair:4)
  Sigmund (D:2)
  34 yaks
  2 basilisks
  A wraith (D:10)
  Grum (D:8)
  3 steam dragons
  An acid dragon (D:10)
  5 water moccasins
  4 orc warriors
  2 sky beasts
  3 ice beasts
  A black bear (Lair:1)
  An ogre (D:4)
  2 wolves (D:8)
  4 centaurs (Volcano)
  A phantom (D:6)
  A kobold brigand (D:10)
  8 bullfrogs
  A gnoll sergeant (D:10)
  3 scorpions
  3 wights (D:9)
  6 killer bees (D:10)
  3 howler monkeys
  2 jellies
  4 orc priests
  3 hounds
  2 sleepcaps
  7 orc wizards
  2 iguanas
  Natasha (twice) (D:3)
  8 mummies (Ossuary)
  7 gnolls
  6 adders
  2 shadow imps
  2 white imps
  An ufetubus (D:5)
  A worm (D:2)
  A dart slug (D:1)
  39 orcs
  2 bats (D:3)
  7 endoplasms
  2 giant cockroaches
  2 gnoll zombies (Ossuary)
  9 goblins
  4 hobgoblins
  4 jackals (D:2)
  8 kobolds
  7 ball pythons
  4 frilled lizards
  2 hobgoblin zombies (Ossuary)
  2 kobold zombies (Ossuary)
  2 orc zombies (Ossuary)
  3 rats
268 creatures vanquished.

Table legend:
 A = Non-vault XP
 B = Vault XP
 C = Vault XP percentage of total XP
 D = Non-vault monster count
 E = Vault monster count
 F = Vault count percentage of total count
                 A         B        C        D         E       F
            +---------+---------+-------+---------+---------+-------
      Total |   22138 |    7394 |  25.0 |     213 |      55 |  20.5
            +---------+---------+-------+---------+---------+-------
        D:1 |      26 |       0 |   0.0 |      14 |       0 |   0.0
        D:2 |      88 |     226 |  72.0 |      22 |       1 |   4.3
        D:3 |      67 |      33 |  33.0 |      13 |       1 |   7.1
        D:4 |     161 |       0 |   0.0 |       3 |       0 |   0.0
        D:5 |     465 |       0 |   0.0 |      15 |       0 |   0.0
        D:6 |     816 |       0 |   0.0 |      23 |       0 |   0.0
        D:7 |    1778 |     504 |  22.1 |      20 |       3 |  13.0
        D:8 |    2706 |     412 |  13.2 |      18 |       3 |  14.3
        D:9 |    3732 |    1618 |  30.2 |      16 |       6 |  27.3
       D:10 |    1018 |       0 |   0.0 |      21 |       0 |   0.0
       D:11 |    2022 |       0 |   0.0 |       8 |       0 |   0.0
     Lair:1 |    2836 |       0 |   0.0 |      12 |       0 |   0.0
     Lair:2 |     798 |       0 |   0.0 |       4 |       0 |   0.0
     Lair:3 |    1109 |    1415 |  56.1 |       6 |       3 |  33.3
     Lair:4 |    1685 |     436 |  20.6 |       7 |       1 |  12.5
     Lair:5 |    2831 |       0 |   0.0 |      11 |       0 |   0.0
    Ossuary |       0 |     153 | 100.0 |       0 |      16 | 100.0
     Bailey |       0 |     962 | 100.0 |       0 |      15 | 100.0
    Volcano |       0 |    1635 | 100.0 |       0 |       6 | 100.0
            +---------+---------+-------+---------+---------+-------

Skill      XL: |  1  2  3  4  5  6  7  8  9 10 11 12 13 |
---------------+----------------------------------------+-----
Spellcasting   | 3 4 5 7 8 |  8.0
Transmutations | 2 3 5 6 7 |  7.0
Earth Magic    | 4 5 6 7 8 10 11 | 11.0
Conjurations   | 2 4 5 7 8 9 |  9.8
Fighting       | 2 3 4 6 8 13 14 | 14.4
Evocations     | 3 |  3.0
Armour         | 4 |  4.0
Dodging        | 4 5 |  5.6
Short Blades   | 1 |  1.5
Stealth        | |  1.4

Action                     |  1- 3 |  4- 6 |  7- 9 | 10-12 | 13-15 || total
---------------------------+-------+-------+-------+-------+-------++-------
  Melee: Short sword       |       |     5 |       |       |       ||     5
         Dagger            |       |       |    16 |   150 |    18 ||   184
         Punch             |       |       |       |       |     1 ||     1
   Fire: Sling             |       |       |       |    54 |       ||    54
  Throw: Dart              |       |       |       |       |     4 ||     4
   Cast: Sandblast         |    34 |    46 |    31 |    39 |       ||   150
         Stone Arrow       |       |     5 |    60 |   189 |    32 ||   286
         Passwall          |       |     3 |     6 |     8 |     1 ||    18
         Irradiate         |       |       |       |    15 |     7 ||    22
         Petrify           |       |       |       |     2 |     2 ||     4
  Evoke: Wand              |       |       |     8 |    25 |     4 ||    37
    Use: Potion            |       |       |     1 |     1 |     3 ||     5
         Scroll            |       |       |       |    18 |     4 ||    22
   Stab: Sleeping          |       |       |     1 |       |     1 ||     2
         Petrified         |       |       |       |    19 |     3 ||    22
         Petrifying        |       |       |       |     1 |       ||     1
 Armour: Robe              |     9 |    17 |    28 |       |       ||    54
         Acid dragon scale |       |       |    14 |   262 |    81 ||   357
  Dodge: Dodged            |    12 |    17 |    42 |   166 |   112 ||   349
         Repelled          |       |       |       |     5 |     1 ||     6

Illustrated notes

Table legend:
 A = Kills in this place as a percentage of kills in the entire game.
 B = Kills by you in this place as a percentage of kills by you in the entire game.
 C = Kills by friends in this place as a percentage of kills by friends in the entire game.
 D = Other kills in this place as a percentage of other kills in the entire game.
 E = Experience gained in this place as a percentage of experience gained in the entire game.
 F = Experience gained in this place divided by the number of levels of this place that you have seen.
                   A       B       C       D       E      F
               +-------+-------+-------+-------+-------+----------------------
         Total | 100.0 | 100.0 |   N/A |   N/A | 100.0 | 1476.6
       Dungeon |  69.8 |  69.8 |   N/A |   N/A |  53.1 | 1424.7
          Lair |  16.4 |  16.4 |   N/A |   N/A |  37.6 | 2222.0
       Ossuary |   6.0 |   6.0 |   N/A |   N/A |   0.5 | 153.0
        Bailey |   5.6 |   5.6 |   N/A |   N/A |   3.3 | 962.0
       Volcano |   2.2 |   2.2 |   N/A |   N/A |   5.5 | 1635.0
               +-------+-------+-------+-------+-------+----------------------

Table legend: (Time is in decaauts)
 A = Elapsed time spent in this place.
 B = Non-inter-level travel time spent in this place.
 C = Inter-level travel time spent in this place.
 D = Time resting spent in this place.
 E = Time spent auto-exploring this place.
 F = Levels seen in this place.
 G = Mean time per level.
                   A        B        C        D        E       F      G
               +--------+--------+--------+--------+--------+-----+--------+
         Total |   5719 |   5569 |    150 |    245 |      0 |  20 |  286.0 |
       Dungeon |   3628 |   3571 |     57 |     45 |      0 |  11 |  329.8 |
        Temple |     36 |     29 |      7 |      0 |      0 |   1 |   36.0 |
          Lair |   1130 |   1044 |     86 |     12 |      0 |   5 |  226.0 |
       Ossuary |    210 |    210 |      0 |      0 |      0 |   1 |  210.0 |
        Bailey |    322 |    322 |      0 |      0 |      0 |   1 |  322.0 |
       Volcano |    389 |    389 |      0 |    188 |      0 |   1 |  389.0 |
               +--------+--------+--------+--------+--------+-----+--------+

Top non-repeatable levels by time:
     D:9: 493 daAuts
     D:6: 447 daAuts
     D:8: 419 daAuts
    D:10: 416 daAuts
    D:11: 411 daAuts
 Volcano: 389 daAuts
  Lair:4: 387 daAuts
     D:7: 351 daAuts
     D:2: 346 daAuts
  Bailey: 322 daAuts
     D:5: 285 daAuts
  Lair:2: 234 daAuts
  Lair:1: 231 daAuts
     D:3: 216 daAuts
 Ossuary: 210 daAuts
